 Dungeon Crawl Stone Soup version 0.25-a0-317-g5f8687bca5 (webtiles) character file.

Game seed: 8576442980099196017, levelgen mode: deterministic

5 Nixze the Sneak (level 1, 0/11 HPs)
             Began as an Octopode Enchanter on Dec 27, 2019.
             Slain by a leopard gecko (4 damage)
             ... on level 1 of the Dungeon.
             The game lasted 00:00:37 (237 turns).

Nixze the Sneak (Octopode Enchanter)                 Turns: 237, Time: 00:00:37

Health: 0/11       AC:  1    Str:  7    XL:     1   Next: 80%
Magic:  3/3        EV: 13    Int: 17    God:
Gold:   30         SH:  0    Dex: 12    Spells: 3/4 levels left

rFire    + . .     SeeInvis .   a - +1 dagger
rCold    . . .     Gourm    .   (no shield)
rNeg     . . .     Faith    .   (helmet restricted)
rPois    .         Spirit   .   (no amulet)
rElec    .         Reflect  .   b - ring of protection from fire
rCorr    .         Harm     .   (no ring)
MR       .....                  (no ring)
Stlth    +++.......             (no ring)
HPRegen  0.03/turn              (no ring)
MPRegen  0.08/turn              (no ring)
                                (no ring)
                                (no ring)

@: no status effects
A: almost no armour, stealthy swim, amphibious, 8 rings, constrict 8, camouflage
1, gelatinous body 1
a: no special abilities


You were on level 1 of the Dungeon.
You were not hungry.

You visited 1 branch of the dungeon, and saw 1 of its levels.

You collected 30 gold pieces.

Inventory:

Hand Weapons
 a - a +1 dagger (weapon)
Jewellery
 b - a ring of protection from fire (left tentacle)
Scrolls
 d - 2 scrolls of blinking {unknown}
 f - a scroll of identify {unknown}
 g - a scroll of random uselessness {unknown}
Potions
 e - a potion of resistance {unknown}
Comestibles
 c - a ration


   Skills:
 + Level 1.2 Short Blades
 - Level 2.0 Dodging
 + Level 4.1 Stealth
 + Level 2.1 Spellcasting
 + Level 3.1 Hexes


You had 3 spell levels left.
You knew the following spells:

 Your Spells              Type           Power        Failure   Level  Hunger
a - Corona                Hex            ##.....      5%          1    #......

Your spell library contained the following spells:

 Spells                   Type           Power        Failure   Level  Hunger
 Ensorcelled Hibernation  Hex/Ice        #.....       16%         2    ###....
 Confuse                  Hex            ##......     16%         3    ###....
 Tukima's Dance           Hex            ##......     16%         3    ###....
 Dazzling Flash           Conj/Hex       #.....       30%         3    ###....


Dungeon Overview and Level Annotations

Branches:
Dungeon (1/15)

Altars:


Innate Abilities, Weirdness & Mutations

You cannot wear most types of armour.
You are very stealthy in the water. (Stealth+)
You are amphibious.
You can wear up to eight rings at the same time.
You can use your tentacles to constrict eight enemies at once.
Your skin changes colour to match your surroundings (Stealth+).
Your rubbery body absorbs attacks. (AC +1, EV +1)


Message History

You puncture the hobgoblin!
You kill the hobgoblin!
You now have 30 gold pieces (gained 10).
g - a scroll labeled YRPHAE MUUPSYTIGG You open the door.
There is an open door here.
A leopard gecko comes into view.
The leopard gecko hisses angrily.
The leopard gecko bites you. The leopard gecko barely misses you.
You completely miss the leopard gecko. Your grab misses the leopard gecko.
The leopard gecko misses you.
You hit the leopard gecko but do no damage.
Your grab misses the leopard gecko. The leopard gecko bites you.
You are too injured to fight recklessly!
You are too injured to fight recklessly!
You hit the leopard gecko but do no damage.
You grab the leopard gecko.
You constrict the leopard gecko, but do no damage.
The leopard gecko bites you.
You die...

#.#.#............#
##...#............##
....#.............#
###................#
...#.##............#
.........#'####....#
#..#..#.##.# #....#
#........#.# ######
#..#.#.@.#.# #
#.l.#.# ##..#.#
...#.# ...#.# ....#
#...# .....


You could see a leopard gecko.

Vanquished Creatures
  A dart slug (D:1)
  A hobgoblin (D:1)
  A kobold (D:1)
  A rat (D:1)
4 creatures vanquished.

Notes
Turn   | Place    | Note
-------+----------+-------------------------------------------
     0 | D:1      | Nixze the Octopode Enchanter began the quest for the Orb.
     0 | D:1      | Reached XP level 1. HP: 11/11 MP: 3/3
   237 | D:1      | Slain by a leopard gecko

Levels and vault maps discovered:
D:1:      tarquinn_simple_flora_water_b, layout_basic

Action                   || total
-------------------------++-------
Melee: Dagger            ||     7
       Constrict         ||     1
 Stab: Sleeping          ||     3
Dodge: Dodged            ||     2

Table legend:
 A = Non-vault XP
 B = Vault XP
 C = Vault XP percentage of total XP
 D = Non-vault monster count
 E = Vault monster count
 F = Vault count percentage of total count
                 A         B        C        D         E       F
            +---------+---------+-------+---------+---------+-------
      Total |       8 |       0 |   0.0 |       4 |       0 |   0.0
            +---------+---------+-------+---------+---------+-------
        D:1 |       8 |       0 |   0.0 |       4 |       0 |   0.0
            +---------+---------+-------+---------+---------+-------
